 Dungeon Crawl Stone Soup version 0.31-a0-523-g071a6c1ffa (webtiles) character file.

Game seed: 12498422532665478616

580350 RepHenryClay the Invulnerable (level 25, -3/257 HPs)
             Began as a Minotaur Gladiator on Aug 10, 2023.
             Was the Champion of Makhleb.
             Killed from afar by a Killer Klown (15 damage)
             ... with a klown pie
             ... on level 5 of the Realm of Zot on Aug 12, 2023.
             The game lasted 01:57:24 (58828 turns).

RepHenryClay the Invulnerable (Minotaur Gladiator) Turns: 58828, Time: 01:57:25

Health: -3/257     AC: 30    Str: 16 (18) XL:     25   Next: 91%
Magic:  6/19       EV: 35    Int:  3 (5)  God:    Makhleb [******]
Gold:   3752       SH: 25    Dex: 26 (28) Spells: 24/24 levels left

rFire   + + .        v - +4 broad axe of Collusion {heavy, Will+}
rCold   + + +        A - +2 shield of Resistance {rF++ rC++ Will++}
rNeg    + . .        z - quicksilver dragon scales
rPois   +            c - +0 hat
rElec   +            p - +2 cloak
rCorr   +            O - +2 pair of gloves
SInv    +            M - +0 pair of boots
Will    +++++        G - amulet of reflection
Stlth   ++           I - ring "Pomef" {rF+ rN+ rCorr Int+3}
HPRegen 0.62/turn    y - ring "Bouclom" {rElec rPois rC+ Dex+2 SInv}
MPRegen 0.16/turn

%: reflection
@: fire vulnerable, on berserk cooldown, slowed, studying 3 skills, very slow
A: horns 2, retaliatory headbutt, hooves 1, camouflage 1, agile 1, cold
resistance 1, dopey 1, low MP 1, weak 1, no potion heal 1, inability to drink
after injury 1, inability to read after injury 1
}: 3/15 runes: decaying, serpentine, silver
a: Renounce Religion, Minor Destruction, Lesser Servant of Makhleb, Major
Destruction, Greater Servant of Makhleb


You were on level 5 of the Realm of Zot.
You worshipped Makhleb.
Makhleb was exalted by your worship.
You visited 10 branches of the dungeon, and saw 48 of its levels.
You also visited: Ice Cave and Desolation.

You collected 6235 gold pieces.
You spent 2483 gold pieces at shops.

Inventory:

Hand Weapons
 a - the +11 morningstar of Xiatirr {flame, rElec SInv}
   (You took it off an ironbound preserver on level 5 of the Vaults)

   rElec:     It insulates you from electricity.
   SInv:      It lets you see invisible.
 b - a +9 heavy eveningstar
 v - the +4 broad axe of Collusion (weapon) {heavy, Will+}
   (You took it off a servant of whispers in the Desolation of Salt)

   Will+:     It increases your willpower.
 U - the +16 obsidian axe {drain, demonic, Mesm Drain Fly SInv}
   (You took it off a deep elf demonologist on level 3 of the Elven Halls)

   Mesm:      Its wielder is mesmerised by any visible foes, and it cannot be
   unequipped while any foes are visible.
   SInv:      It lets you see invisible.
   Fly:       It grants you flight.
   Drain:     It drains your maximum health when unequipped.
Missiles
 d - 6 throwing nets (quivered)
 s - 9 silver javelins
 x - 6 darts of dispersal
 E - 12 javelins
Armour
 c - a +0 hat (worn)
 p - a +2 cloak (worn)
 z - quicksilver dragon scales (worn)
 A - the +2 shield of Resistance (worn) {rF++ rC++ Will++}
   (You bought it in a shop on level 2 of the Orcish Mines)

   rF++:      It greatly protects you from fire.
   rC++:      It greatly protects you from cold.
   Will++:    It greatly increases your willpower.
 M - a +0 pair of boots (worn)
 O - a +2 pair of gloves (worn)
Jewellery
 y - the ring "Bouclom" (right hand) {rElec rPois rC+ Dex+2 SInv}
   (You found it in the Desolation of Salt)

   [ring of protection from cold]

   Dex+2:     It affects your dexterity (+2).
   rC+:       It protects you from cold.
   rElec:     It insulates you from electricity.
   rPois:     It protects you from poison SInv: It lets you see invisible.
 G - an amulet of reflection (around neck)
 I - the ring "Pomef" (left hand) {rF+ rN+ rCorr Int+3}
   (You found it in the Desolation of Salt)

   [ring of positive energy]

   Int+3:     It affects your intelligence (+3).
   rF+:       It protects you from fire.
   rN+:       It protects you from negative energy.
   rCorr:     It protects you from acid and corrosion.
 L - the ring of Adogip {rPois Will+ Str+6}
   (You found it on level 3 of the Swamp)

   [ring of strength]

   Str+6:     It affects your strength (+6).
   rPois:     It protects you from poison Will+: It increases your willpower.
 V - the amulet "Homeir" {Regen+ Slay+2}
   (You found it in the Desolation of Salt)

   [amulet of regeneration]

   Slay+2:    It affects your accuracy & damage with ranged weapons and melee
   (+2).
   Regen+:    It increases your rate of health regeneration.
Wands
 g - a wand of mindburst (36)
 l - a wand of paralysis (54)
 r - a wand of light (32)
 u - a wand of flame (69)
 N - a wand of roots (51)
 R - a wand of digging (18)
Scrolls
 i - 7 scrolls of blinking
 j - 28 scrolls of identify {@r1}
 k - 14 scrolls of teleportation
 n - 5 scrolls of enchant weapon
 w - 4 scrolls of fear
 C - 7 scrolls of fog
 F - 11 scrolls of poison
 H - 6 scrolls of enchant armour
 P - 7 scrolls of summoning
 Q - 6 scrolls of revelation
 S - 5 scrolls of torment
Potions
 f - 12 potions of brilliance
 m - 35 potions of curing
 o - 7 potions of enlightenment
 q - 9 potions of heal wounds
 t - a potion of haste
 B - 6 potions of mutation
 D - 3 potions of might
 K - 3 potions of invisibility
 T - 2 potions of resistance
 X - 5 potions of attraction
 Y - 4 potions of ambrosia
 Z - 4 potions of cancellation
Miscellaneous
 e - a box of beasts
 W - a lightning rod (4/4)


   Skills:
 O Level 27 Fighting
 - Level 20.0(20.7) Axes
 + Level 9.9(16.1) Maces & Flails
 - Level 10.0 Throwing
 O Level 27 Armour
 O Level 27 Dodging
 - Level 20.0 Shields


You had 24 spell levels left.
You didn't know any spells.
Your spell library contained the following spells:

 Spells                   Type           Power      Damage    Failure   Level
 Kiss of Death            Conj/Necr      0%         2d5       73%         1
 Magic Dart               Conj           0%         1d3       73%         1
 Necrotise                Necr           0%         1d4       73%         1
 Shock                    Conj/Air       0%         1d3       73%         1
 Sting                    Tmut/Pois      0%         1d3       73%         1
 Summon Small Mammal      Summ           0%         N/A       73%         1
 Blink                    Tloc           0%         N/A       86%         2
 Call Imp                 Summ           0%         N/A       86%         2
 Cigotuvi's Dreadful Rot  Necr/Pois/Air  0%         N/A       86%         2
 Ensorcelled Hibernation  Hex/Ice        0%         N/A       86%         2
 Lesser Beckoning         Tloc           0%         N/A       86%         2
 Momentum Strike          Conj/Tloc      0%         3d8       86%         2
 Poisonous Vapours        Pois/Air       0%         N/A       86%         2
 Scorch                   Fire           0%         2d5       86%         2
 Searing Ray              Conj           0%         2d4       86%         2
 Static Discharge         Conj/Air       0%         2-2/arc   86%         2
 Sublimation of Blood     Necr           0%         N/A       86%         2
 Call Canine Familiar     Summ           0%         N/A       97%         3
 Confusing Touch          Hex            0%         N/A       97%         3
 Gell's Gravitas          Tloc           0%         N/A       97%         3
 Ignite Poison            Fire/Tmut/Pois 0%         N/A       97%         3
 Inner Flame              Hex/Fire       0%         N/A       97%         3
 Ozocubu's Armour         Ice            0%         N/A       97%         3
 Stone Arrow              Conj/Erth      0%         3d7       97%         3
 Summon Guardian Golem    Hex/Summ       0%         N/A       97%         3
 Swiftness                Air            0%         N/A       97%         3
 Teleport Other           Tloc           0%         N/A       97%         3
 Tukima's Dance           Hex            0%         N/A       97%         3
 Vampiric Draining        Necr           0%         2d6       97%         3
 Vhi's Electric Charge    Tloc/Air       0%         N/A       97%         3
 Volatile Blastmotes      Fire/Tloc      0%         2d10      97%         3
 Airstrike                Air            0%         2d(0-16)  100%        4
 Anguish                  Hex/Necr       0%         N/A       100%        4
 Animate Armour           Summ/Erth      0%         N/A       100%        4
 Animate Dead             Necr           0%         N/A       100%        4
 Cause Fear               Hex            0%         N/A       100%        4
 Dispel Undead            Necr           0%         3d6       100%        4
 Flame Wave               Conj/Fire      0%         2d4       100%        4
 Fulminant Prism          Conj/Hex       0%         3d5       100%        4
 Iskenderun's Mystic Bla  Conj/Tloc      0%         2d3       100%        4
 Leda's Liquefaction      Hex/Erth       0%         N/A       100%        4
 Manifold Assault         Tloc           0%         N/A       100%        4
 Olgreb's Toxic Radiance  Pois           0%         N/A       100%        4
 Passage of Golubria      Tloc           0%         N/A       100%        4
 Petrify                  Tmut/Erth      0%         N/A       100%        4
 Sticky Flame             Conj/Fire      0%         2d3       100%        4
 Summon Ice Beast         Ice/Summ       0%         N/A       100%        4
 Summon Lightning Spire   Summ/Air       0%         N/A       100%        4
 Agony                    Necr           0%         N/A       100%        5
 Arcjolt                  Conj/Air       0%         1d10      100%        5
 Freezing Cloud           Conj/Ice/Air   0%         6-21      100%        5
 Irradiate                Conj/Tmut      0%         3d11      100%        5
 Iskenderun's Battlesphe  Conj           0%         2d6       100%        5
 Lee's Rapid Deconstruct  Erth           0%         3d4*      100%        5
 Metabolic Englaciation   Hex/Ice        0%         N/A       100%        5
 Summon Forest            Summ/Tloc      0%         N/A       100%        5
 Summon Mana Viper        Hex/Summ       0%         N/A       100%        5
 Yara's Violent Unravell  Hex/Tmut       0%         3d3       100%        5
 Conjure Ball Lightning   Conj/Air       0%         3x3d6     100%        6
 Death Channel            Necr           0%         N/A       100%        6
 Dispersal                Tloc           0%         N/A       100%        6
 Leda's Unmaking          Conj/Erth      0%         9d1       100%        6
 Simulacrum               Ice/Necr       0%         N/A       100%        6
 Summon Cactus Giant      Summ           0%         N/A       100%        6
 Enfeeble                 Hex            0%         N/A       100%        7
 Haunt                    Necr/Summ      0%         N/A       100%        7
 Monstrous Menagerie      Summ           0%         N/A       100%        7
 Spellforged Servitor     Conj/Summ      0%         N/A       100%        7
 Borgnjor's Revivificati  Necr           0%         N/A       100%        8
 Discord                  Hex            0%         N/A       100%        8
 Disjunction              Tloc           0%         N/A       100%        8
 Ignition                 Fire           0%         3d3       100%        8
 Lehudib's Crystal Spear  Conj/Erth      0%         10d2      100%        8
 Maxwell's Capacitive Co  Air            0%         ∞         100%        8
 Death's Door             Necr           0%         N/A       100%        9


Dungeon Overview and Level Annotations

Branches:
Dungeon (15/15)            Temple (1/1) D:4            Lair (5/5) D:8
  Swamp (4/4) Lair:2        Snake (4/4) Lair:2        Slime (0/5) Lair:4
    Orc (2/2) D:11            Elf (3/3) Orc:2        Vaults (5/5) D:13
  Crypt (0/3) Vaults:2     Depths (4/4) D:15            Zot (5/5) Depths:4
  IceCv (visited)         Desolation (visited)

Altars:
Ashenzari
Cheibriados
Dithmenos
Elyvilon
Fedhas
Gozag
Hepliaklqana
Kikubaaqudgha
Makhleb
Nemelex Xobeh
Okawaru
Qazlal
Ru
Sif Muna
Trog
Uskayaw
Vehumet
Wu Jian
Xom
Yredelemnul
Zin
The Shining One
Jiyva

Shops:
D:10 *   Orc:1 :   Orc:2 [[:!   Elf:2 =   Snake:1 !   Snake:4 :[(:   Vaults:3 (
Vaults:5 (

Portals:
Hell: Depths:1 Depths:2 Depths:3 Depths:4
Abyss: Depths:1 Depths:3
Pandemonium: Depths:2
Ziggurat: Depths:3
Trove: D:13 (give +7 demon whip)

Annotations:
D:12 2 transporters, justen's ghost, journeyman MfSh
Lair:4 1 runed translucent door, Pokonic1's ghost, journeyman DsIE
Elf:1 1 runed translucent door
Zot:3 6 transporters


Innate Abilities, Weirdness & Mutations

You have a pair of horns on your head.
You reflexively headbutt those who attack you in melee.
You have large cloven feet.
Your skin changes colour to match your surroundings (Stealth+).
You are agile. (Dex +4, Str/Int -1)
Your flesh is cold resistant. (rC+)
You are dopey. (Int -2)
Your magical capacity is low. (-10% MP)
You are weak. (Str -2)
Potions are less effective at restoring your health.
You occasionally lose the ability to drink potions when taking damage.
You occasionally lose the ability to read scrolls when taking damage.


Message History

The +12 spectral club completely misses you.
You furiously retaliate!
You headbutt the +12 spectral club!
The Killer Klown shares its spectral weapon's damage!
The +12 spectral club disappears.
The electric golem crackles and sizzles.
The electric golem hurls lightning at you.
The bolt of lightning misses you.
The golden dragon completely misses you.
The golden dragon claws you but does no damage.
The golden dragon tramples you but does no damage.
The golden dragon bites you!
* * * LOW HITPOINT WARNING * * *
The golden dragon claws you but does no damage.
The golden dragon completely misses you.
The electric golem blinks!
The golden dragon breathes cold at you. The bolt of cold hits you. You resist.
* * * LOW HITPOINT WARNING * * *
The golden dragon completely misses you.
You furiously retaliate!
You headbutt the golden dragon.
The golden dragon claws you but does no damage.
The golden dragon tramples you but does no damage.
Huge Dmg: -9%(-22hp) hp: 4%(9hp) Blink to where?
Press: ? - help, Dir - move target You enter a permanent teleport trap!
Your surroundings seem slightly different.
As you read the scroll of blinking, it crumbles to dust.
The electric golem blinks!
The red draconian scorcher points at you and mumbles some strange words.
The bolt of fire misses you.
The Killer Klown says, "Come and play with me!"
The electric golem blinks!
The electric golem hurls lightning at you.
The bolt of lightning misses you.
The world stops spinning.
The Killer Klown pies you viciously! The klown pie hits you!
Cherry!
Cherry-coloured flames burn away your fire resistance!
You die...

##.......^..............▓ ****▓▓▓**
#.......9................
*,,^....**▓........................
,,,,....d*▓.......................▓
^,,,...ddd▓)†....§...............▓▓
,,,,0.d..XXX..p.............^...▓▓
,,,,...^..▓...q................^.**
,,,,....X*▓.XDD....^....^.......,,*
*,,,...^**▓..d...@.........%...,,,^
****▓▓▓** ▓........^..........,,,,^
▓▓.................,,,,,*
▓▓▓.............,,,,,,**
▓▓▓▓.......^..,,,****
▓▓▓▓▓▓▓▓▓▓▓****


You could see a Killer Klown, an electric golem, 2 golden dragons, a yellow
draconian, 3 Orb Guardians and a red draconian scorcher.

Vanquished Creatures
  6 dread liches
  An ancient lich (Vaults:5)
  4 orbs of fire
  Boris (Vaults:3)
  Bai Suzhen (Snake:2)
  4 Killer Klowns (Zot:5)
  A caustic shrike (Depths:3)
  Vashnia (Snake:4)
  Xtahua (Vaults:5)
  11 golden dragons
  An electric golem (Zot:5)
  A hellephant (Depths:1)
  14 tentacled monstrosities
  2 liches (Depths:3)
  3 titans
  Rupert (D:15)
  20 Orb Guardians (Zot:5)
  6 deep elf blademasters
  4 quicksilver dragons
  5 death cobs
  Frances (Elf:1)
  2 deep elf master archers (Elf:3)
  8 sphinxes
  Agnes (Elf:2)
  12 storm dragons
  14 shadow dragons
  Kirke (D:14)
  6 tengu reavers
  Donald (Vaults:4)
  7 draconian monks
  2 nagarajas
  4 thorn hunters
  The ghost of niangp the Warrior, a journeyman MiBe of Trog (Elf:2)
  7 draconian knights
  11 frost giants
  A fenstrider witch (Swamp:1)
  6 deep elf sorcerers
  11 vault wardens
  3 iron dragons
  An imperial myrmidon (Desolation)
  13 fire giants
  8 draconian shifters
  9 draconian scorchers
  4 ghost moths
  4 ghouls
  3 orc warlords
  3 deep elf elementalists (Elf:3)
  7 draconian annihilators
  A ghost moth (shapeshifter) (Elf:3)
  7 draconian stormcallers
  13 ironbound preservers
  2 spriggan defenders
  2 war gargoyles (Vaults:5)
  15 very ugly things
  6 eleionomae
  8 stone giants
  10 green draconians
  4 ironbound thunderhulks
  10 black draconians
  12 deep elf demonologists
  11 white draconians
  A halazid warlock (Desolation)
  A bunyip (Swamp:4)
  15 red draconians
  9 deep elf annihilators
  12 yellow draconians
  6 spark wasps
  7 dire elephants
  9 purple draconians
  9 ettins
  9 deep elf death magi
  2 entropy weavers (Vaults:1)
  12 crystal guardians
  3 shambling mangroves (Swamp:4)
  A merfolk impaler (Depths:2)
  3 great orbs of eyes
  6 deep elf high priests
  7 ragged hierophants (Desolation)
  19 yaktaur captains
  Harold (Lair:2)
  8 ironbound frosthearts
  10 fire dragons
  A merfolk avatar (Lair:5)
  2 rakshasas
  4 salamander tyrants
  5 ogre magi
  16 peacekeepers
  2 ghost crabs
  19 hydras
  36 vault guards
  8 ice dragons
  15 servants of whispers (Desolation)
  A catoblepas (Lair:5)
  16 anacondas
  A boulder beetle (Lair:1)
  14 two-headed ogres
  31 dancing weapons
  2 spriggan air magi (Depths:3)
  A satyr (shapeshifter) (Depths:2)
  15 naga warriors
  A death knight (D:15)
  6 deep troll earth magi
  2 deep troll shamans (Depths:3)
  9 hell hogs (Depths:1)
  9 alligators
  7 centaur warriors
  6 tengu warriors
  5 vampire magi
  10 shock serpents
  6 death yaks (Lair:2)
  17 naga sharpshooters
  3 spriggan berserkers
  A sun demon (Depths:2)
  A hell knight (Vaults:5)
  23 deep elf knights
  2 skysharks
  A skyshark (shapeshifter) (Depths:1)
  2 shadow wraiths (Depths:2)
  5 iron trolls
  4 goliath frogs
  3 sea snakes (Snake:3)
  11 skeletal warriors
  2 sixfirhies
  8 salamander mystics
  A flayed ghost (Depths:2)
  8 swamp dragons
  2 goliath frogs (shapeshifter) (Depths:3)
  26 ironbound convokers
  A deep troll (shapeshifter) (Vaults:5)
  9 deep elf archers
  3 wizards
  15 bog bodies
  4 spriggan druids
  5 glowing orange brains
  23 deep trolls
  Pikel (D:8)
  11 naga ritualists
  A golden dragon skeleton (Depths:3)
  An obsidian statue (D:9)
  Jeremiah (D:7)
  A tengu zombie (Depths:2)
  6 harpies
  3 necromancers
  30 deep elf pyromancers
  33 deep elf zephyrmancers
  4 phantasmal warriors
  8 lindwurms
  An oklob plant (Lair:3)
  6 orc knights
  25 ugly things
  15 mana vipers
  3 will-o-the-wisps
  3 cyclopes
  A frost giant zombie (Depths:2)
  An orc sorcerer (Orc:2)
  22 salamanders
  7 elephants (Lair:5)
  A wolf spider (shapeshifter) (Vaults:5)
  20 moths of wrath
  4 manticores
  45 black mambas
  3 ice statues (IceCv)
  Joseph (D:9)
  2 rust devils (D:13)
  12 naga magi
  21 vault sentinels
  A smoke demon (D:13)
  16 cane toads
  A molten gargoyle (Desolation)
  A torpor snail (Lair:3)
  12 guardian serpents
  A gargoyle (D:12)
  Maggie (D:6)
  3 unseen horrors
  2 orange demons (D:13)
  4 centaur skeletons (D:13)
  A kobold demonologist (D:11)
  3 rime drakes
  4 freezing wraiths (Vaults:5)
  7 tengu conjurers
  8 komodo dragons
  18 yaktaurs
  3 ice devils (D:13)
  A queen bee (shapeshifter) (D:13)
  3 meliai (D:13)
  A meliai (shapeshifter) (D:13)
  5 polar bears
  A red devil (D:13)
  2 hellwings (D:13)
  4 trolls
  8 tyrant leeches
  Prince Ribbit (D:6)
  17 hornets
  9 blink frogs
  63 saltlings (Desolation)
  16 dream sheep
  Sigmund (D:2)
  An air elemental (Elf:2)
  A centaur simulacrum (D:11)
  3 ynoxinuls (D:13)
  42 slime creatures
  12 spriggans
  A vampire (D:10)
  4 water elementals
  A culicivora (shapeshifter) (D:13)
  A dire elephant simulacrum (IceCv)
  A wraith (D:11)
  80 yaks
  3 wyverns
  4 fire elementals
  A hog (D:14)
  A chaos spawn (D:13)
  4 steam dragons
  3 basilisks
  16 vampire mosquitoes
  3 wargs
  A human zombie (Depths:3)
  14 swamp worms
  38 nagas
  A hydra simulacrum (IceCv)
  Duvessa (D:6)
  2 acid dragons
  A floating eye (shapeshifter) (Vaults:5)
  A floating eye (Depths:3)
  13 orc warriors
  12 water moccasins
  10 swamp drakes (Swamp:4)
  2 ice beasts (D:11)
  33 ogres
  3 black bears
  A sky beast (D:7)
  5 boggarts
  13 wolves
  9 centaurs
  8 kobold brigands
  12 bullfrogs
  4 earth elementals
  A cane toad simulacrum (IceCv)
  2 scorpions (D:5)
  2 necrophages (Swamp:3)
  A glowing shapeshifter simulacrum (Depths:3)
  9 wights (D:9)
  Dowan (D:6)
  6 jellies
  2 elephant simulacra (IceCv)
  13 killer bees
  2 electric eels
  6 howler monkeys
  2 lava snakes (Snake:3)
  14 orc priests
  6 hounds
  An iguana (D:5)
  Terence (D:2)
  A gnoll bouda (D:8)
  20 orc wizards
  2 polar bear simulacra (IceCv)
  A wolf simulacrum (IceCv)
  2 troll simulacra (D:11)
  Robin (Temple)
  9 adders
  12 gnolls
  2 naga simulacra (D:11)
  A shadow imp (D:4)
  2 white imps (D:11)
  2 ufetubi (D:5)
  5 worms
  6 dart slugs
  74 orcs
  5 bats
  7 endoplasms
  6 giant cockroaches
  18 hobgoblins
  6 jackals (D:4)
  30 kobolds
  5 quokkas
  9 ball pythons
  2 frilled lizards
  19 goblins
  5 rats
  16 butterflies (Vaults:2)
  3 spectral weapons (Zot:5)
2137 creatures vanquished.

Vanquished Creatures (collateral kills)
  A sphinx (Vaults:3)
  2 vault wardens (Vaults:3)
  2 ironbound preservers
  A formless jellyfish (Vaults:4)
  An ironbound thunderhulk (Vaults:3)
  A stone giant (Vaults:3)
  2 yaktaur captains
  2 great orbs of eyes
  An ironbound frostheart (Vaults:3)
  6 deep trolls
  A wizard (Vaults:4)
  4 orc knights
  An ugly thing (Vaults:4)
  4 vault sentinels
  3 yaktaurs (Vaults:3)
  3 slime creatures (Vaults:4)
35 creatures vanquished.

Vanquished Creatures (others)
  A draconian scorcher (Zot:1)
  A dancing weapon (Elf:2)
  2 deep elf pyromancers
  A salamander (Snake:4)
  A black mamba (Snake:1)
  3 bloated husks
  2 air elementals
  A water elemental (Elf:3)
  2 nagas (Snake:2)
  An earth elemental (Elf:3)
  A gnoll bouda (D:8)
  An orc wizard (D:9)
  A gnoll (D:8)
  An adder (D:6)
  2 kobolds
  A goblin (D:4)
  16 foxfires
38 creatures vanquished.

Grand Total: 2210 creatures vanquished

Notes
Turn   | Place    | Note
-------+----------+-------------------------------------------
     0 | D:1      | RepHenryClay the Minotaur Gladiator began the quest for the
                  | Orb.
     0 | D:1      | Reached XP level 1. HP: 18/18 MP: 0/0
    19 | D:1      | Reached skill level 1 in Armour
    36 | D:1      | Reached XP level 2. HP: 18/25 MP: 1/1
   210 | D:1      | Reached XP level 3. HP: 30/30 MP: 2/2
   669 | D:2      | Noticed Terence
   680 | D:2      | Killed Terence
   681 | D:2      | Reached XP level 4. HP: 15/37 MP: 3/3
   832 | D:2      | Reached skill level 5 in Axes
  1082 | D:2      | Noticed Sigmund
  1099 | D:2      | Killed Sigmund
  1100 | D:2      | Reached XP level 5. HP: 12/42 MP: 4/4
  1100 | D:2      | Reached XP level 6. HP: 14/50 MP: 5/5
  1252 | D:2      | Reached skill level 5 in Armour
  2885 | D:4      | Reached XP level 7. HP: 55/56 MP: 6/6
  2922 | D:4      | Found a staircase to the Ecumenical Temple.
  2970 | Temple   | Entered the Ecumenical Temple
  2985 | Temple   | Became a worshipper of Makhleb the Destroyer
  3012 | D:4      | Noticed Robin
  3050 | Temple   | Killed Robin
  3463 | D:4      | Reached * piety under Makhleb
  3864 | D:5      | Entered Level 5 of the Dungeon
  3872 | D:5      | Reached XP level 8. HP: 62/62 MP: 7/7
  4349 | D:5      | Reached XP level 9. HP: 68/68 MP: 8/8
  4687 | D:6      | Noticed Duvessa
  4688 | D:6      | Noticed Dowan
  4779 | D:6      | Found an ancient bone altar of Kikubaaqudgha.
  4933 | D:6      | Noticed Maggie
  4950 | D:6      | Killed Maggie
  5268 | D:6      | Killed Duvessa
  5272 | D:6      | Killed Dowan
  5314 | D:6      | Noticed Jeremiah
  5315 | D:6      | Noticed Prince Ribbit
  5335 | D:7      | Found a radiant altar of Vehumet.
  5341 | D:7      | Reached ** piety under Makhleb
  6130 | D:8      | Identified the +5 war axe of Acworph {drain, rF+ Dex+3
                  | Stlth+}
  6195 | D:8      | Reached XP level 10. HP: 70/80 MP: 9/9
  6212 | D:8      | Reached skill level 5 in Dodging
  6375 | D:8      | Found a staircase to the Lair.
  6391 | D:8      | Found a shimmering altar of Xom.
  6551 | D:8      | Paralysed by a hornet for 3 turns
  6703 | D:8      | Reached skill level 5 in Fighting
  6735 | D:8      | Noticed Pikel
  6749 | D:8      | Killed Pikel
  6881 | D:8      | Found a hide-covered altar of Uskayaw.
  6881 | D:8      | Found an opulent altar of Gozag.
  7116 | D:8      | Reached *** piety under Makhleb
  7365 | D:9      | Found a stormy altar of Qazlal.
  7380 | D:9      | Identified the +1 leather armour of the Falcon {Contam
                  | rPois rF+ rN+ Int+4}
  7382 | D:9      | Noticed a two-headed ogre
  7397 | D:9      | Killed a two-headed ogre
  7430 | D:9      | Noticed Joseph
  7446 | D:9      | Reached skill level 15 in Axes
  7457 | D:9      | Killed Joseph
  7714 | D:9      | Noticed an obsidian statue
  7721 | D:9      | Reached **** piety under Makhleb
  7726 | D:9      | Reached XP level 11. HP: 91/91 MP: 10/10
  8028 | D:9      | Found a sacrificial altar of Ru.
  8477 | D:9      | Noticed a sixfirhy
  8488 | D:9      | Gained mutation: Potions are less effective at restoring
                  | your health. [a neqoxec]
  8491 | D:9      | Killed an obsidian statue
  8646 | D:10     | Entered Level 10 of the Dungeon
  8825 | D:10     | Found a blossoming altar of Fedhas.
  9351 | D:10     | Found Evve's CLEARANCE SALE!.
  9356 | D:10     | Bought a wand of digging (6) for 126 gold pieces
  9424 | D:10     | Noticed a two-headed ogre
  9434 | D:10     | Killed a two-headed ogre
  9675 | D:11     | Found a frozen archway.
  9682 | D:11     | Reached ***** piety under Makhleb
  9689 | IceCv    | Entered an ice cave
  9719 | IceCv    | Noticed a white ugly thing
  9752 | IceCv    | Killed a white ugly thing
 10235 | IceCv    | Noticed a white ugly thing
 10410 | IceCv    | Killed a white ugly thing
 10569 | D:11     | Reached XP level 12. HP: 103/103 MP: 11/11
 10573 | D:11     | Found a staircase to the Orcish Mines.
 10989 | D:11     | Noticed a centaur warrior
 10999 | D:11     | Killed a centaur warrior
 11020 | D:11     | You fall into a shaft and drop 2 floors!
 11049 | D:13     | Noticed a centaur warrior
 11066 | D:13     | Killed a centaur warrior
 11067 | D:13     | Reached skill level 10 in Fighting
 11308 | D:13     | Found a portal to a secret trove of treasure.
 11574 | D:12     | Reached skill level 10 in Dodging
 12029 | D:12     | Found a transporter.
 12029 | D:12     | Found a transporter.
 12032 | D:12     | Noticed justen's ghost (journeyman MfSh)
 12511 | D:12     | Reached XP level 13. HP: 111/116 MP: 12/12
 12739 | D:13     | Found a gate to the Vaults.
 13336 | D:13     | Reached ****** piety under Makhleb
 13825 | D:13     | Found a portal to a secret trove of treasure.
 13856 | D:13     | Reached skill level 15 in Armour
 14133 | D:13     | Found a gate to the Vaults.
 14218 | Orc:1    | Entered Level 1 of the Orcish Mines
 14433 | Orc:1    | Found Qucwif's Book Boutique.
 14671 | Orc:2    | Entered Level 2 of the Orcish Mines
 14778 | Orc:2    | Found Buxocaga's Antique Armour Shoppe.
 14778 | Orc:2    | Found Jatahuso's Distillery.
 14778 | Orc:2    | Found Huneud's Antique Armour Shop.
 14778 | Orc:2    | Found Loraun's Book Shoppe.
 14818 | Orc:2    | Reached XP level 14. HP: 72/129 MP: 13/13
 14854 | Orc:2    | Paralysed by something for 4 turns
 14871 | Orc:2    | Found a staircase to the Elven Halls.
 15165 | Orc:2    | Paralysed by an ogre mage for 3 turns
 15505 | Orc:2    | Bought a pair of polished boots for 313 gold pieces
 15505 | Orc:2    | Identified the +1 pair of boots of the Guild-Master {-Tele
                  | Dex+6} (You bought it in a shop on level 2 of the Orcish
                  | Mines)
 15706 | Lair:1   | Entered Level 1 of the Lair of Beasts
 15770 | Lair:1   | Identified the +6 long sword "Tuokloj" {spect, Will+ rCorr
                  | Str-5}
 16048 | Lair:1   | Reached skill level 1 in Shields
 16762 | Lair:2   | Reached skill level 5 in Shields
 16814 | Lair:2   | Identified the +0 robe of Moral Flaws {Fly rC- Will++}
 16918 | Lair:2   | Noticed Harold
 16933 | Lair:2   | Killed Harold
 17115 | Lair:2   | Found a staircase to the Swamp.
 17141 | Lair:2   | Found a staircase to the Snake Pit.
 17408 | Lair:3   | Found the +1 robe of Vines {NoPotionHeal Regen++++}
 18010 | Lair:3   | Reached skill level 10 in Shields
 18509 | Lair:3   | Reached XP level 15. HP: 138/138 MP: 14/14
 18583 | Lair:4   | Found a runed translucent door.
 18583 | Lair:4   | Found a shimmering altar of Xom.
 18583 | Lair:4   | Noticed Pokonic1's ghost (journeyman DsIE)
 18584 | Lair:4   | Identified the +5 halberd "Gram" {chaos, rElec rN+ Stlth-}
 18817 | Lair:4   | Found a staircase to the Slime Pits.
 18818 | Lair:4   | Found a viscous altar of Jiyva.
 18838 | Lair:4   | You fall into a shaft and drop 1 floor!
 18838 | Lair:5   | Entered Level 5 of the Lair of Beasts
 18981 | Lair:5   | Got the Omnibus of Rime and Profane Mysteries
 20650 | D:14     | Found a burning altar of Makhleb.
 20760 | D:14     | Reached skill level 15 in Shields
 21017 | D:14     | Noticed Kirke
 21028 | D:14     | Killed Kirke
 21244 | D:15     | Entered Level 15 of the Dungeon
 21272 | D:15     | Noticed Rupert
 21291 | D:15     | Killed Rupert
 21665 | D:15     | Found an ancient bone altar of Kikubaaqudgha.
 22140 | D:15     | Found a staircase to the Depths.
 22401 | Snake:1  | Entered Level 1 of the Snake Pit
 22563 | Snake:1  | Reached XP level 16. HP: 124/147 MP: 15/15
 22716 | Snake:1  | Found Zaq Okoo's Distillery.
 23019 | Snake:2  | Reached skill level 15 in Fighting
 23545 | Snake:2  | Found a hide-covered altar of Uskayaw.
 24360 | Snake:3  | Found an ornate altar of the Wu Jian Council.
 24399 | Snake:3  | Noticed Bai Suzhen
 24764 | Snake:2  | Killed Bai Suzhen
 24765 | Snake:2  | Reached skill level 15 in Dodging
 25926 | Snake:3  | Reached XP level 17. HP: 159/160 MP: 16/16
 26342 | D:6      | Killed Prince Ribbit
 26516 | D:7      | Killed Jeremiah
 26644 | Orc:2    | Bought the +2 shield of Resistance {rF++ rC++ Will++} for
                  | 2044 gold pieces
 26644 | Orc:2    | Found the +2 shield of Resistance {rF++ rC++ Will++}
 26877 | Elf:1    | Entered Level 1 of the Elven Halls
 26877 | Elf:1    | Found a runed translucent gate.
 26877 | Elf:1    | Found a runed translucent gate.
 26877 | Elf:1    | Found a runed translucent gate.
 26877 | Elf:1    | Found a runed translucent gate.
 26877 | Elf:1    | Found a runed translucent gate.
 26877 | Elf:1    | Found a runed translucent gate.
 26878 | Elf:1    | Found a runed translucent door.
 26895 | Elf:1    | Found a runed translucent door.
 27603 | Elf:1    | Noticed Frances
 27613 | Elf:1    | Killed Frances
 27894 | Elf:1    | Noticed a Tzitzimitl
 28388 | Elf:2    | Found Noryufush's Jewellery Shop.
 28411 | Elf:2    | Found a runed translucent door.
 28411 | Elf:2    | Noticed niangp's ghost (journeyman MiBe)
 28777 | Elf:2    | Paralysed by an air elemental for 1 turns
 28915 | Elf:2    | Found a runed translucent door.
 28941 | Elf:2    | Found a runed translucent door.
 29228 | Elf:2    | Noticed a deep elf blademaster
 29244 | Elf:2    | Killed a deep elf blademaster
 29576 | Elf:2    | Noticed Agnes
 29590 | Elf:2    | Killed Agnes
 29591 | Elf:2    | Reached XP level 18. HP: 172/172 MP: 17/17
 30129 | Elf:2    | Killed niangp's ghost
 30234 | Elf:3    | Entered Level 3 of the Elven Halls
 30467 | Elf:3    | Noticed a Tzitzimitl
 30489 | Elf:3    | HP: 8/173 [deep elf blademaster/+0 rapier (14)]
 30944 | Elf:3    | Paralysed by an air elemental for 1 turns
 30947 | Elf:3    | Noticed a Hell Sentinel
 30949 | Elf:3    | Paralysed by an air elemental for 1 turns
 30952 | Elf:3    | Paralysed by an air elemental for 1 turns
 31594 | Snake:4  | Entered Level 4 of the Snake Pit
 31596 | Snake:4  | Found Hetzim's Self-Published Books.
 31767 | Snake:4  | Identified the +1 leather armour of Impressiveness {rPois
                  | Str-5 Int+3}
 31848 | Snake:4  | Found Esmaos's Antique Armour Emporium.
 31850 | Snake:4  | Found Ofaiklal's Antique Weapon Shoppe.
 31857 | Snake:4  | Found Qujotid's Book Emporium.
 32022 | Snake:4  | Reached skill level 5 in Throwing
 32394 | Snake:4  | Noticed Vashnia
 32612 | Snake:4  | Killed Vashnia
 32817 | Snake:4  | Got a serpentine rune of Zot
 33461 | Swamp:1  | Entered Level 1 of the Swamp
 33517 | Swamp:1  | Identified the +0 flail of Gluttony {speed, rN++ MP+9 Int+2
                  | SInv}
 33794 | Swamp:1  | Reached skill level 10 in Throwing
 33808 | Swamp:1  | Found a burning altar of Makhleb.
 33860 | Swamp:1  | Reached XP level 19. HP: 181/181 MP: 18/18
 34299 | Swamp:1  | Identified the +5 quarterstaff of Guustrak {freeze, *Slow
                  | rF+ Will+ SInv}
 34389 | Swamp:1  | Upgraded the game from 0.31-a0-521-gc7390f8997 to
                  | 0.31-a0-523-g071a6c1ffa
 35047 | Swamp:3  | Identified the ring of Adogip {rPois Will+ Str+6}
 35870 | Swamp:4  | Entered Level 4 of the Swamp
 36778 | Swamp:4  | Identified the +2 leather armour "Nivuphoa" {rF+}
 36847 | Swamp:4  | Got a decaying rune of Zot
 37622 | Elf:3    | Got the Elucidation of Battle Magic
 37957 | Elf:3    | Identified the ring "Veukiaka" {rF+ Str+2 Int-3 Dex+5
                  | Stlth-}
 38583 | Elf:3    | Identified the +8 hand axe of Dried Tears {holy, rF+++
                  | Will- MP+9 Int+2}
 38584 | Elf:3    | Identified the ring of Witruvid {Wiz rElec Will+ Str-5
                  | Stlth+}
 38588 | Elf:3    | Identified the +5 glaive of the Shining Light {heavy,
                  | Int+5}
 38589 | Elf:3    | Identified the +9 flail of Grace {flame, rElec rC- Int+3
                  | Dex+3}
 38593 | Elf:3    | Reached XP level 20. HP: 193/193 MP: 19/19
 39006 | Elf:3    | Identified the +10 orcbow "Ceyskuv" {speed, *Slow Fly Str+4
                  | Dex+2}
 39111 | Elf:3    | Identified the +1 shortbow "Worm" {heavy, rElec rN++ Dex-4}
 40036 | Vaults:1 | Entered Level 1 of the Vaults
 41611 | Vaults:2 | Found a huge runed gate.
 41611 | Vaults:2 | Found a huge runed gate.
 41611 | Vaults:2 | Found a huge runed gate.
 41611 | Vaults:2 | Found a huge runed gate.
 41611 | Vaults:2 | Found a huge runed gate.
 41612 | Vaults:2 | Found a huge runed gate.
 41612 | Vaults:2 | Found a huge runed gate.
 41612 | Vaults:2 | Found a huge runed gate.
 41613 | Vaults:2 | Found a huge runed gate.
 41613 | Vaults:2 | Found a huge runed gate.
 41619 | Vaults:2 | Found a huge runed gate.
 41619 | Vaults:2 | Found a huge runed gate.
 41619 | Vaults:2 | Found a huge runed gate.
 41619 | Vaults:2 | Found a huge runed gate.
 41619 | Vaults:2 | Found a huge runed gate.
 41619 | Vaults:2 | Found a huge runed gate.
 41620 | Vaults:2 | Found a huge runed gate.
 41621 | Vaults:2 | Found a huge runed gate.
 41622 | Vaults:2 | Found a huge runed gate.
 41641 | Vaults:2 | Found a huge runed gate.
 41641 | Vaults:2 | Found a huge runed gate.
 41641 | Vaults:2 | Found a huge runed gate.
 41641 | Vaults:2 | Found a huge runed gate.
 41641 | Vaults:2 | Found a huge runed gate.
 41641 | Vaults:2 | Found a huge runed gate.
 41642 | Vaults:2 | Found a huge runed gate.
 41643 | Vaults:2 | Found a huge runed gate.
 41644 | Vaults:2 | Found a huge runed gate.
 41789 | Vaults:2 | Found a staircase to the Crypt.
 41838 | Vaults:2 | Found a huge runed gate.
 41838 | Vaults:2 | Found a huge runed gate.
 41838 | Vaults:2 | Found a huge runed gate.
 41838 | Vaults:2 | Found a huge runed gate.
 41838 | Vaults:2 | Found a huge runed gate.
 42211 | Vaults:2 | Found a huge runed gate.
 42211 | Vaults:2 | Found a huge runed gate.
 42211 | Vaults:2 | Found a huge runed gate.
 42321 | Vaults:2 | Identified the +4 halberd of the Hand {heavy, rF++}
 42322 | Vaults:2 | Identified the +2 long sword "Lontuy" {venom, Drain rN+++
                  | rCorr Dex-3}
 42381 | Vaults:3 | Found a crumbling gateway.
 42388 | Desolati | Entered the Desolation of Salt
 42703 | Desolati | Reached XP level 21. HP: 192/202 MP: 20/20
 42719 | Desolati | Identified the ring "Caephuq" {Contam rElec rPois MP+9
                  | Stlth+}
 42726 | Desolati | Identified the amulet "Zeamin" {RegenMP Slay+2}
 42931 | Desolati | Identified the +5 chain mail of the Eleven Heavens {rF-
                  | Int-5 SInv Stlth+}
 42938 | Desolati | Identified the amulet "Homeir" {Regen+ Slay+2}
 43114 | Desolati | Identified the +4 broad axe of Collusion {heavy, Will+}
 43167 | Desolati | Identified the +4 falchion of Subjectivity {heavy, Str+6
                  | Dex+3}
 43170 | Desolati | Identified the ring "Bouclom" {rElec rPois rC+ Dex+2 SInv}
 43178 | Desolati | Got Yloydo's Quarto of Mercurial Accompaniment
 43182 | Desolati | Identified the ring "Pomef" {rF+ rN+ rCorr Int+3}
 43208 | Desolati | Got the Grimoire of Foggy Breccia
 43662 | Vaults:3 | Found Enuggyupt's Weapon Emporium.
 44461 | Vaults:3 | Noticed Boris
 44470 | Vaults:3 | Killed Boris
 45356 | Vaults:4 | Noticed Donald
 45368 | Vaults:4 | Killed Donald
 45459 | Vaults:4 | Reached XP level 22. HP: 213/215 MP: 21/21
 46451 | Depths:1 | Entered Level 1 of the Depths
 46556 | Depths:1 | Found a shimmering altar of Xom.
 46557 | Depths:1 | Found a shimmering altar of Xom.
 46557 | Depths:1 | Found a shimmering altar of Xom.
 46559 | Depths:1 | Found a shimmering altar of Xom.
 46559 | Depths:1 | Found a shimmering altar of Xom.
 46559 | Depths:1 | Found a shimmering altar of Xom.
 46901 | Depths:1 | Found a white marble altar of Elyvilon.
 47248 | Depths:1 | Found a one-way gate to the infinite horrors of the Abyss.
 47263 | Depths:1 | Found a gateway to Hell.
 47664 | Depths:2 | Found a one-way gate leading to the halls of Pandemonium.
 47814 | Depths:2 | Identified the +6 falchion "Wigac" {spect, rElec Will+}
 48365 | Depths:2 | Noticed a dread lich
 48385 | Depths:2 | Killed a dread lich
 48740 | Depths:2 | Got the Elucidation of Last Rites
 48785 | Depths:3 | Found a one-way gateway to a ziggurat.
 49215 | Depths:3 | Reached XP level 23. HP: 221/225 MP: 22/22
 49398 | Depths:3 | Noticed a caustic shrike
 49402 | Depths:3 | Paralysed by a floating eye for 3 turns
 49414 | Depths:3 | Killed a caustic shrike
 49464 | Depths:3 | Paralysed by a floating eye for 2 turns
 50021 | Depths:4 | Entered Level 4 of the Depths
 50021 | Depths:4 | Found a sparkling altar of Nemelex Xobeh.
 50393 | Depths:4 | Found a gate to the Realm of Zot.
 51254 | Vaults:5 | Entered Level 5 of the Vaults
 51278 | Vaults:5 | Got a silver rune of Zot
 51631 | Vaults:5 | Noticed a dread lich
 51637 | Vaults:5 | Noticed Xtahua
 51642 | Vaults:5 | Killed a dread lich
 51656 | Vaults:5 | Killed Xtahua
 51991 | Vaults:5 | Identified the ring of Suspected Treachery {Drain *Slow
                  | +Blink rF+ Will+++ Dex+6}
 51994 | Vaults:5 | Identified the +11 morningstar of Xiatirr {flame, rElec
                  | SInv}
 52009 | Vaults:5 | Reached XP level 24. HP: 186/242 MP: 22/22
 52201 | Vaults:5 | Identified the ring of Temperance {Fly rPois Int+2}
 52355 | Vaults:5 | Identified the staff of the Desert {rPois rN+ Int+3 Poison}
 52432 | Vaults:5 | Noticed an ancient lich
 52441 | Vaults:5 | Killed an ancient lich
 52602 | Vaults:5 | Found Gitecaek's Antique Weapon Emporium.
 53153 | Zot:1    | Entered Level 1 of the Realm of Zot
 53455 | Zot:1    | Identified the +6 sling "Ubudgh" {speed, rElec}
 54304 | Zot:1    | Identified the +1 shortbow "Murmur" {drain, Str+2}
 54409 | Zot:1    | Reached skill level 27 in Armour
 55103 | Zot:2    | Reached skill level 1 in Maces & Flails
 55410 | Zot:2    | Reached skill level 5 in Maces & Flails
 55711 | Zot:2    | Identified the +0 ring mail "Vejutas" {Will+}
 56024 | Zot:3    | Found a transporter.
 56025 | Zot:3    | Found a transporter.
 56029 | Zot:3    | Noticed an orb of fire
 56030 | Zot:3    | Gained mutation: You are frail. (-10% HP) [an orb of fire]
 56039 | Zot:3    | Gained mutation: You are partially covered in iridescent
                  | scales. (AC +2) [an orb of fire]
 56041 | Zot:3    | Gained mutation: You occasionally lose the ability to read
                  | scrolls when taking damage. [an orb of fire]
 56046 | Zot:3    | Killed an orb of fire
 56192 | Zot:3    | Found a transporter.
 56195 | Zot:3    | Found a transporter.
 56227 | Zot:3    | Lost mutation: You are frail. (-10% HP) [potion of
                  | mutation]
 56227 | Zot:3    | Lost mutation: You are partially covered in iridescent
                  | scales. (AC +2) [potion of mutation]
 56227 | Zot:3    | Lost mutation: You occasionally lose the ability to read
                  | scrolls when taking damage. [potion of mutation]
 56227 | Zot:3    | Gained mutation: Your skin changes colour to match your
                  | surroundings (Stealth+). [potion of mutation]
 56227 | Zot:3    | Gained mutation: You are agile. (Dex +4, Str/Int -1)
                  | [potion of mutation]
 56227 | Zot:3    | Gained mutation: You have large cloven feet. [potion of
                  | mutation]
 56308 | Zot:3    | Reached XP level 25. HP: 216/250 MP: 22/22
 56617 | Zot:3    | Found a transporter.
 56640 | Zot:3    | Found a transporter.
 57202 | Zot:4    | Reached skill level 27 in Fighting
 58023 | Zot:5    | Entered Level 5 of the Realm of Zot
 58632 | Zot:5    | Noticed a Killer Klown
 58634 | Zot:5    | Noticed a dread lich
 58647 | Zot:5    | Killed a dread lich
 58648 | Zot:5    | Noticed a dread lich
 58650 | Zot:5    | Noticed a Killer Klown
 58651 | Zot:5    | Noticed an orb of fire
 58657 | Zot:5    | Gained mutation: Your flesh is cold resistant. (rC+) [an
                  | orb of fire]
 58658 | Zot:5    | Gained mutation: You occasionally lose the ability to read
                  | scrolls when taking damage. [an orb of fire]
 58662 | Zot:5    | Gained mutation: You occasionally lose the ability to drink
                  | potions when taking damage. [an orb of fire]
 58667 | Zot:5    | Killed a dread lich
 58671 | Zot:5    | Gained mutation: You are weak. (Str -2) [an orb of fire]
 58672 | Zot:5    | Killed an orb of fire
 58678 | Zot:5    | Killed a Killer Klown
 58706 | Zot:5    | Killed a Killer Klown
 58749 | Zot:5    | Noticed an orb of fire
 58750 | Zot:5    | Noticed a Killer Klown
 58756 | Zot:5    | Noticed an orb of fire
 58766 | Zot:5    | Killed an orb of fire
 58767 | Zot:5    | Noticed a Killer Klown
 58769 | Zot:5    | Gained mutation: Your magical capacity is low. (-10% MP)
                  | [an orb of fire]
 58770 | Zot:5    | Gained mutation: You are dopey. (Int -2) [an orb of fire]
 58771 | Zot:5    | Noticed a Killer Klown
 58774 | Zot:5    | Killed an orb of fire
 58781 | Zot:5    | Noticed a dread lich
 58788 | Zot:5    | Noticed a dread lich
 58793 | Zot:5    | Killed a Killer Klown
 58795 | Zot:5    | Killed a Killer Klown
 58803 | Zot:5    | Killed a dread lich
 58808 | Zot:5    | Killed a dread lich
 58824 | Zot:5    | Reached skill level 27 in Dodging
 58825 | Zot:5    | HP: 11/257 [golden dragon (17)]
 58828 | Zot:5    | Killed from afar by a Killer Klown

Illustrated notes

Levels and vault maps discovered:
D:1:      amcnicky_arrival_single_pillar, layout_rooms
D:2:      minmay_general_purpose_star, layout_loops_ring, minmay_misc_feat_tiny,
          minmay_tree_intersection, item_on_display_a, uniq_terence,
          uniq_sigmund
D:3:      minmay_chambers_of_threes, layout_basic, minmay_vboxes
D:4:      layout_cave_pools, minmay_temple_entry_ruins,
          chequers_serial_rivers_micro_a, nicolae_hexahallways,
          kennysheep_generic_room_5, uniq_robin
D:5:      layout_loops_corners, hangedman_decor_opposing
D:6:      layout_basic, mainiacjoe_overflow_alcove_1, uniq_jeremiah,
          uniq_duvessa, uniq_prince_ribbit1, uniq_maggie
D:7:      layout_basic, fiery_altar_vehumet
D:8:      layout_basic, overflow_temple_1_default,
          gammafunk_temple_overflow_pools, lair_entry_dummy, uniq_pikel
D:9:      layout_loops_ring, grunt_qazlal_sundering, kennysheep_mini_moat,
          kennysheep_flooded_box, minivault_16, uniq_joseph
D:10:     layout_loops_cross, mainiacjoe_overflow_six_doors_small,
          nicolae_shop_clearance
D:11:     layout_cave_pools, orc_0_dummy, portal_ice_cave_entry_ice_simulacra,
          serial_ice, serial_ice_k, serial_ice_n, serial_ice_c, serial_ice_f
D:12:     layout_basic, serial_rivers, chequers_serial_rivers_large_b,
          chequers_serial_rivers_micro_e, chequers_serial_rivers_small_a,
          chequers_serial_rivers_small_b, chequers_serial_rivers_marsh,
          chequers_serial_rivers_micro_b, gammafunk_ghost_hive
D:13:     layout_irregular_city, hangedman_vaults_entry_quadrant_bands,
          nicolae_trove_entry_crossroad, serial_demonic, serial_demonic_a,
          serial_demonic_g, serial_demonic_a, serial_demonic_f,
          serial_demonic_a, serial_demonic_g, grunt_ministairs_14,
          hangedman_decor_points
D:14:     layout_roguey, old_standard_altar, uniq_kirke
D:15:     grunt_enter_depths_hoard, layout_irregular_city,
          kiku_gazebo_pond_becter, minmay_misc_feat_secret_circle, uniq_rupert
Temple:   zaba_magenta_temple
Lair:1:   layout_cave_pods
Lair:2:   layout_roguey, alex1729_swamp_entry_worm_eleionoma, dummy_snake_entry,
          infiniplex_staircase_pool_2, grunt_megastairs_3, uniq_harold
Lair:3:   layout_gridlike, hellmonk_guarded_unrand_vines,
          infiniplex_staircase_pool, grunt_megastairs_1
Lair:4:   layout_gridlike, slime_entry_1, ebering_ghost_xom
Lair:5:   gammafunk_lair_ancient_temple, layout_loops_ring, st_stairs_8
Swamp:1:  layout_basic_swamp, serial_swamp_ruin, evilmike_swamp_ruin_house_3,
          evilmike_swamp_ruin_rubble_1, swamp_pool1, nicolae_swamp_godswood
Swamp:2:  layout_basic_swamp, hangedman_swamp_ruin_wall, swamp_pool4
Swamp:3:  layout_falls_marsh, evilmike_swamp_ruin_house_6, swamp_pool4
Swamp:4:  swamp_basic_johnstein, layout_basic_swamp
Snake:1:  layout_misc_corridors, serial_shops, shop, grunt_ministairs_15
Snake:2:  layout_grid_maze, basic_altar, st_stairs_1, grunt_ministairs_15,
          serial_bayou_shore_b
Snake:3:  minmay_snake_river, layout_basic, basic_altar, nicolae_snake_shapes,
          uniq_bai_suzhen, uniq_mlioglotl
Snake:4:  johnstein_snake_rune_scales, layout_cave_town, nicolae_custom_books,
          grunt_megastairs_2, minmay_shop_star
Orc:1:    layout_caves, basic_altar, serial_shops, shop
Orc:2:    st_orc_ogre_mass, layout_caves, statue_in_the_mist_lemuel,
          mines1_david
Elf:1:    nicolae_elf_arrival_dilemma, layout_geoelf_grid, minivault_28,
          nicolae_elf_big_sculpture_3, amcnicky_mini_corridor_feature,
          uniq_frances
Elf:2:    nicolae_elf_blades_splatter_lattice
          [nicolae_blade_entry_splitting_headache], layout_loops_ring,
          hellmonk_ghost_happy_afterlife, serial_shops,
          nicolae_shop_gaudy_bauble, roderic_roman_lattice, uniq_agnes
Elf:3:    minmay_elf_hall, layout_loops_cross, minmay_elf_sorcery
Vaults:1: v_misc_32, vaults_mumra_chevron, v_pattern_5, ontoclasm_vaults_echo,
          nicolae_vaults_diamond_2, nicolae_vaults_steering_wheel,
          nicolae_vaults_storage_closets_1, nicolae_vaults_closet_pinwheel_6,
          nicolae_vaults_storage_closets_2, nicolae_vaults_trapezoid_lopsided_3,
          v_misc_19, nicolae_vaults_tetromino_Z_1, vaults_room_pools,
          layout_vaults_omnibox
Vaults:2: vaults_dpeg_cross, vaults_room_door_ring, vaults_room_guarded_vault,
          not_door_vault_mu, hangedman_vaults_nodes,
          nicolae_vaults_inception_statues, vaults_dpeg_spiral,
          nicolae_vaults_closet_pinwheel_3, minmay_crypt_entry_simple_box,
          nicolae_vaults_big_angled_halls, nicolae_vaults_ring_of_whatevers,
          nicolae_vaults_tetromino_Z_2, nicolae_vaults_three_branches,
          nicolae_vaults_more_shelving_2, layout_vaults_maze_bifur
Vaults:3: portal_desolation_entry_nicolae_slug,
          nicolae_vaults_door_testing_chamber, vaults_standard_mumra_x,
          v_misc_33, hangedman_vaults_pinch, nicolae_vaults_specimen_jars,
          nicolae_vaults_two_Ls, v_alt_pattern_1,
          ontoclasm_vaults_claustrophobia, dpeg_vaults_monster_box,
          nicolae_vaults_storage_room_water, nicolae_vaults_little_squares_2,
          v_pattern_3, layout_vaults_chaotic_city, serial_shops, shop,
          uniq_boris
Vaults:4: v_misc_30, v_rooms_4, v_misc_11, nicolae_vaults_surprise_closet,
          v_alt_pattern_1, hangedman_vaults_trim, layout_vaults_omnigrid,
          uniq_donald
Vaults:5: uniq_xtahua, uniq_margery
Depths:1: layout_gridlike, grunt_hell_horde, xom_redecorated, abyss_entry,
          corexii_leaking_fountain, grunt_ministairs_8, elyvilon_altar_3
Depths:2: minmay_ornate_pinched, layout_cave_shapes, hangedman_geh_valley,
          moated_statue, pan_entry, special_room [special_room_morgue],
          kennysheep_generic_room_2, infiniplex_staircase_zigzag_1,
          serial_bayou_shore_a
Depths:3: minmay_the_grid_4x2 [minmay_the_grid_x, minmay_the_grid_artifice,
          minmay_the_grid_diamond_grid, minmay_the_grid_fan,
          minmay_the_grid_gridbox, minmay_the_grid_pillar_ring,
          minmay_the_grid_spikes, minmay_the_grid_prize_four_corners],
          layout_twisted_cross, enter_ziggurat_a, hell_entry, abyss_entry,
          nrook_loot_triangle, minivault_10, minmay_door_square
Depths:4: grunt_x_marks_the_spot, layout_basic, hell_entry,
          chequers_serial_rivers_room_b, nemelex_xobeh_ov_fountains_minmay,
          serial_bayou_shore_b
Zot:1:    layout_twisted_circle, grunt_megastairs_4
Zot:2:    layout_concentric_octagons, skrybe_zot_glass_1, grunt_megastairs_5,
          lemuel_elevator
Zot:3:    layout_basic, serial_nicolae_subway, nicolae_sub_station_crystal,
          nicolae_sub_station_stone, nicolae_sub_station_metal
Zot:4:    layout_cellular_growth
Zot:5:    layout_concentric_octagons, lemuel_flame_loot_1

Skill      XL: |  1  2  3  4  5  6  7  8  9 10 11 12 13 14 15 16 17 18 19 20 21 22 23 24 25 |
---------------+----------------------------------------------------------------------------+-----
Armour         | 1 2 3 4 6 12 13 15 16 18 19 20 21 23 24 26 27 | 27.0
Axes           | 4 6 7 13 14 15 17 20 | 20.0
Fighting       | 4 6 8 11 13 14 16 18 19 20 22 23 25 26 27 | 27.0
Dodging        | 4 6 8 10 12 13 15 16 17 18 19 20 21 23 24 27 | 27.0
Shields        | 10 15 16 17 18 20 | 20.0
Throwing       | 10 | 10.0
Maces & Flails | 9 |  9.9

Action                     |  1- 3 |  4- 6 |  7- 9 | 10-12 | 13-15 | 16-18 | 19-21 | 22-24 | 25-27 || total
---------------------------+-------+-------+-------+-------+-------+-------+-------+-------+-------++-------
  Melee: War axe           |    50 |   150 |   255 |   603 |   970 |  1539 |  1278 |       |       ||  4845
         Headbutt          |     6 |    25 |    47 |   149 |   284 |   428 |   556 |   503 |   154 ||  2152
         Punch             |       |       |       |     6 |       |       |       |       |       ||     6
         Whip              |       |       |       |       |    66 |       |       |       |       ||    66
         Demon trident     |       |       |       |       |    14 |       |    58 |       |       ||    72
         Eveningstar       |       |       |       |       |       |       |    24 |   121 |    25 ||   170
         Broad axe         |       |       |       |       |       |       |   355 |  1379 |   366 ||  2100
  Throw: Throwing net      |       |     3 |       |       |       |       |       |       |       ||     3
         Javelin           |       |       |       |       |       |    13 |       |       |       ||    13
  Evoke: Wand              |       |       |       |       |     2 |     1 |     2 |     1 |       ||     6
    Use: Potion            |       |     4 |     2 |       |     6 |     7 |     3 |     6 |     4 ||    32
         Scroll            |       |       |     4 |    17 |     7 |    13 |     6 |    16 |     2 ||    65
   Stab: Invisible         |       |       |       |       |    16 |    10 |     6 |       |       ||    32
         Sleeping          |       |       |       |       |     3 |     7 |    11 |     1 |     1 ||    23
         Distracted        |       |       |       |       |     1 |     1 |     5 |     9 |     1 ||    17
         Confused          |       |       |       |       |       |       |       |     1 |       ||     1
 Armour: Leather armour    |    16 |       |       |       |       |       |       |       |       ||    16
         Chain mail        |       |   100 |    76 |       |       |       |       |       |       ||   176
         Swamp dragon scal |       |       |    48 |   159 |   205 |   194 |   286 |   350 |    24 ||  1266
         Quicksilver drago |       |       |       |       |       |       |       |       |    76 ||    76
  Dodge: Dodged            |    34 |    68 |   152 |   327 |   594 |   697 |  1044 |  1152 |   438 ||  4506
  Block: Other             |       |       |    10 |    49 |       |       |       |       |       ||    59
         Reflection        |       |       |     2 |    12 |    22 |   187 |    67 |    47 |     7 ||   344
         Kite shield       |       |       |       |   205 |   860 |  1432 |  1690 |  1674 |   547 ||  6408

Table legend: (Time is in decaauts)
 A = Elapsed time spent in this place.
 B = Non-inter-level travel time spent in this place.
 C = Inter-level travel time spent in this place.
 D = Time resting spent in this place.
 E = Time spent auto-exploring this place.
 F = Levels seen in this place.
 G = Mean time per level.
                   A        B        C        D        E       F      G
               +--------+--------+--------+--------+--------+-----+--------+
         Total |  58321 |  53086 |   5235 |   3509 |  37641 |  50 | 1166.4 |
       Dungeon |  16749 |  14560 |   2189 |    819 |  11307 |  15 | 1116.6 |
        Temple |     51 |     29 |     22 |     10 |      0 |   1 |   51.0 |
          Lair |   4785 |   4360 |    425 |      0 |   3507 |   5 |  957.0 |
         Swamp |   3621 |   3486 |    135 |      0 |   2586 |   4 |  905.2 |
     Snake Pit |   5327 |   5104 |    223 |    469 |   3404 |   4 | 1331.8 |
  Orcish Mines |   1734 |   1419 |    315 |    296 |    811 |   2 |  867.0 |
   Elven Halls |   6993 |   6546 |    447 |   1277 |   4025 |   3 | 2331.0 |
        Vaults |   6946 |   6360 |    586 |     29 |   4657 |   5 | 1389.2 |
        Depths |   4998 |   4507 |    491 |     17 |   3381 |   4 | 1249.5 |
           Zot |   5208 |   4811 |    397 |      0 |   3553 |   5 | 1041.6 |
      Ice Cave |    832 |    832 |      0 |    446 |     92 |   1 |  832.0 |
    Desolation |   1072 |   1072 |      0 |    145 |    315 |   1 | 1072.0 |
               +--------+--------+--------+--------+--------+-----+--------+

Top non-repeatable levels by time:
   Elf:3: 3431 daAuts
   Elf:2: 2232 daAuts
    D:13: 2088 daAuts
 Snake:2: 1842 daAuts
Vaults:3: 1744 daAuts
Vaults:5: 1651 daAuts
     D:8: 1606 daAuts
 Snake:4: 1549 daAuts
Depths:2: 1497 daAuts
   Zot:1: 1441 daAuts
     D:9: 1392 daAuts
    D:12: 1331 daAuts
   Elf:1: 1329 daAuts
Depths:3: 1309 daAuts
 Snake:3: 1288 daAuts
